 Dungeon Crawl Stone Soup version 0.21.1-1-g345015fe64 (webtiles) character file.

57 Gargoyl the Skirmisher (level 3, -2/33 HPs)
             Began as a Centaur Abyssal Knight on May 15, 2018.
             Was a Follower of Lugonu.
             Killed from afar by a white imp (3 damage)
             ... with a puff of frost
             ... summoned by Natasha
             ... on level 2 of the Dungeon.
             The game lasted 00:04:19 (1848 turns).

Gargoyl the Skirmisher (Centaur Abyssal Knight)     Turns: 1848, Time: 00:04:21

Health: -2/33      AC:  7    Str: 14    XL:     3   Next: 73%
Magic:  4/4        EV:  4    Int: 11    God:    Lugonu [*.....]
Gold:   139        SH:  0    Dex:  9    Spells: 2/2 levels left

rFire    . . .     SeeInvis .   e - +0 war axe
rCold    . . .     Gourm    .   (no shield)
rNeg     . . .     Faith    .   d - +0 chain mail
rPois    .         Spirit   .   (no helmet)
rElec    .         Reflect  .   (no cloak)
rCorr    .         Harm     .   (no gloves)
MR       .....                  (no barding)
Stlth    ..........             (no amulet)
HPRegen  0.11/turn              (no ring)
MPRegen  0.09/turn              (no ring)

@: very quick
A: large, hooves 3, deformed body, speed 2, tough skin 3
a: Depart the Abyss, Renounce Religion


You were on level 2 of the Dungeon.
You worshipped Lugonu.
Lugonu was aware of your devotion.
You were hungry.

You visited 1 branch of the dungeon, and saw 2 of its levels.
You visited the Abyss 1 time.

You collected 139 gold pieces.

Inventory:

Hand Weapons
 a - a +1 hand axe
 e - a +0 war axe (weapon)
Armour
 b - a +0 leather armour
 d - a +0 chain mail (worn)
Jewellery
 i - an uncursed amulet of regeneration {unknown}
Scrolls
 g - 6 scrolls of identify
 h - a scroll of remove curse
Potions
 f - a potion of curing
 j - a potion of haste
 k - a potion of might {unknown}
Books
 l - a book of Misfortune

   Spells                             Type                      Level
   a - Confusing Touch                Hexes                        1
   b - Confuse                        Hexes                        3
   c - Gell's Gravitas                Translocation                3
   d - Petrify                        Transmutation/Earth          4
   e - Metabolic Englaciation         Hexes/Ice                    5
   f - Yara's Violent Unravelling     Hexes/Transmutation          5
Comestibles
 c - 2 rations


   Skills:
 + Level 3.8 Fighting
 + Level 2.3 Axes
 * Level 1.8 Armour
 + Level 0.6 Dodging
 * Level 2.5 Invocations


You had 2 spell levels left.
You didn't know any spells.

Dungeon Overview and Level Annotations

Branches:
Dungeon (2/15)

Altars:
Gozag
Hepliaklqana

Annotations:
D:2 Natasha


Innate Abilities, Weirdness & Mutations

You have hooves in place of feet.
Armour fits poorly on your strangely shaped body.
You cover ground very quickly.
You have extremely tough skin. (AC +3)


Message History

The crimson imp barely misses you.
Natasha wildly gestures.
Natasha shimmers violently.
Natasha claws you. The white imp hits you. The white imp freezes you.
The crimson imp hits you but does no damage.
Natasha claws you but does no damage.
You closely miss Natasha.
Natasha is heavily wounded.
You closely miss the white imp. You hit the crimson imp.
Natasha stares at you and mumbles some strange words.
The magic dart hits you! The white imp gestures at you.
The puff of frost hits you!
* * * LOW HITPOINT WARNING * * *
The crimson imp hits you but does no damage.
Natasha claws you.
* * * LOW HITPOINT WARNING * * *
The white imp gestures at you. The puff of frost hits you!
You die...

#................# ####..###
....#.###.###########.###......#
###.#.###.# ..#........#.##
###.......# #.#####........
......##### ####.#.......)#...
####### #.............#.##
#.##.#.###.#..# . #.##5##.#.#
#......## #..h@$..#.# .....#.#
#..5....#(##.##......
#.##.##.#.##. .##..# #
#...#.#.... .# .#. ..###..##...
# #.. ..# . #. ..# ## ##


You could see Natasha, a crimson imp and a white imp.

Vanquished Creatures
  A gnoll (D:1)
  An adder (D:2)
  An ooze (D:1)
  2 leopard geckos
  A giant cockroach (D:1)
  5 goblins
  4 hobgoblins (D:1)
  A quokka (D:2)
  6 bats
  3 frilled lizards
  2 kobolds (D:1)
  5 rats
32 creatures vanquished.

Notes
Turn   | Place    | Note
-------+----------+-------------------------------------------
     0 | Abyss:1  | Gargoyl the Centaur Abyssal Knight began the quest for the Orb.
     0 | Abyss:1  | Reached XP level 1. HP: 19/19 MP: 2/2
    33 | Abyss:2  | Found a corrupted altar of Lugonu.
   188 | Abyss:3  | Noticed a worldbinder
   188 | Abyss:3  | Noticed a tentacled starspawn
   192 | Abyss:3  | Noticed an ironheart preserver
   197 | Abyss:3  | Noticed a rakshasa
   199 | Abyss:3  | Noticed an ironheart preserver
   205 | Abyss:3  | Noticed a yaktaur
   220 | D:1      | Escaped the Abyss
   309 | D:1      | Reached XP level 2. HP: 26/26 MP: 3/3
   313 | D:1      | Reached * piety under Lugonu
  1141 | D:1      | Reached XP level 3. HP: 21/33 MP: 4/4
  1346 | D:2      | Found an opulent altar of Gozag.
  1446 | D:2      | Found a hazy altar of Hepliaklqana.
  1840 | D:2      | Noticed Natasha
  1848 | D:2      | HP: 1/33 [Natasha (1)]
  1848 | D:2      | Killed from afar by a white imp

Skill      XL: |  1  2 |
---------------+-------+-----
Axes           | 2 |  2.3
Fighting       | |  3.8
Armour         | |  1.8
Dodging        | |  0.6
Invocations    | |  2.5

Action                   || total
-------------------------++-------
Melee: War axe           ||    87
       Kick              ||    10
Invok: Depart the Abyss  ||     1
  Use: Potion            ||     2
       Scroll            ||     3
  Eat: Chunk             ||     1
Armor: Chain mail        ||    85
Dodge: Dodged            ||    33
